 Dungeon Crawl Stone Soup version 0.30-a0-845-g7c6808c8ce (webtiles) character file.

Game seed: 1369947703595875582

12579 Duck the Ripper (level 11, -2/87 HPs)
             Began as a Felid Berserker on Mar 3, 2023.
             Was a Priest of Trog.
             Slain by an anaconda simulacrum (7 damage)
             ... in an ice cave.
             The game lasted 01:01:26 (14639 turns).

Duck the Ripper (Felid Berserker)                  Turns: 14639, Time: 01:01:27

Health: -2/87      AC:  2    Str: 22    XL:     11   Next: 64%
Magic:  0/12       EV: 19    Int: 14    God:    Trog [***...]
Gold:   638        SH:  0    Dex: 14    Spells: 10/10 levels left
                                        Lives:  0   Deaths: 2

rFire   . . .      SeeInvis +      - Unarmed
rCold   + . .      Faith    .    (shield unavailable)
rNeg    . . .      Spirit   +    (body armour unavailable)
rPois   .          Reflect  .    (helmet unavailable)
rElec   .          Rampage  .    (cloak unavailable)
rCorr   .                        (gloves unavailable)
Will    +....                    (boots unavailable) Stlth
                                 p - amulet of guardian spirit
HPRegen 0.34/turn                a - +6 ring of strength
MPRegen 0.13/turn                C - ring of protection from cold

@: berserking, constricted, very quick
A: very small, claws 1, fangs 3, see invisible, speed 1, shaggy fur 2, stealthy
paws, no weapons or thrown items, no armour, multi-lived, horns 1, clever 1,
wild magic 1
a: Renounce Religion, Berserk, Trog's Hand


You were in an ice cave.
You worshipped Trog.
Trog was most pleased with you.
You visited 2 branches of the dungeon, and saw 14 of its levels.
You also visited: Bailey and Ice Cave.

You collected 868 gold pieces.
You spent 230 gold pieces at shops.

Inventory:

Jewellery
 a - a +6 ring of strength (left paw)
 p - an amulet of guardian spirit (around neck)
 q - a +6 ring of strength
 w - the ring of Fedhas's Envy {Wiz +Blink Dex+3}
   (You found it on level 7 of the Dungeon)

   [ring of wizardry]

   It improves your spell success rate.
   Dex:       It affects your dexterity (+3).
   +Blink:    It lets you blink.
 x - the ring "Xenialaph" {Int+6 Dex+4 Slay+3}
   (You bought it in a shop on level 8 of the Dungeon)

   [ring of intelligence]

   Int:       It affects your intelligence (+6).
   Dex:       It affects your dexterity (+4).
   Slay:      It affects your accuracy & damage with ranged weapons and melee
   (+3).
 y - an amulet of magic regeneration
 z - a ring of flight
 C - a ring of protection from cold (right paw)
 G - an amulet of regeneration
Wands
 h - a wand of polymorph (20)
 j - a wand of light (19)
 m - a wand of flame (20)
 n - a wand of charming (23)
 v - a wand of roots (15)
Scrolls
 b - 4 scrolls of enchant armour
 o - 3 scrolls of magic mapping
 r - 2 scrolls of fear
 s - 2 scrolls of butterflies
 t - 2 scrolls of fog
 u - 3 scrolls of teleportation
 E - 2 scrolls of identify
 F - a scroll of immolation {unknown}
Potions
 c - a potion of attraction
 d - 3 potions of curing
 e - 3 potions of haste
 f - a potion of flight
 g - 6 potions of might
 i - 2 potions of resistance
 k - 3 potions of ambrosia
 l - a potion of brilliance
 B - 2 potions of heal wounds
 D - a potion of berserk rage
Miscellaneous
 A - a phantom mirror


   Skills:
 * Level 13.4 Fighting
 * Level 9.7 Dodging
 - Level 16.0 Unarmed Combat


You had 10 spell levels left.
You didn't know any spells.
Your spell library was empty.

Dungeon Overview and Level Annotations

Branches:
Dungeon (12/15)            Temple (0/1) D:7            Lair (2/5) D:10
    Orc (0/2) D:11         Bailey (visited)           IceCv (1/1)
  Swamp: Lair:2-3    Shoals: Lair:2-3     Snake: Lair:2-3    Spider: Lair:2-3

Altars:
Dithmenos
Elyvilon
Gozag
Hepliaklqana
Nemelex Xobeh
Qazlal
Uskayaw
Vehumet
The Shining One

Shops:
D:8 *   D:11 [

Annotations:
D:6 1 runed translucent door, Crazy Yiuf


Innate Abilities, Weirdness & Mutations

You have sharp claws.
You have razor-sharp teeth.
You have supernaturally acute eyesight. (SInv)
You cover ground quickly. (Speed+)
You are covered in thick fur. (AC +2)
Your paws help you pounce on unaware monsters.
You are incapable of wielding weapons or throwing items.
You cannot wear armour.
You gain extra lives every three experience levels.
You have a pair of small horns on your head.
Your mind is acute. (Int +4, Str/Dex -1)
Your spells are a little harder to cast, but a little more powerful.


Message History

A three-headed hydra simulacrum comes into view.
You claw the three-headed hydra simulacrum!
The three-headed hydra simulacrum is heavily damaged.
The three-headed hydra simulacrum completely misses you.
The three-headed hydra simulacrum barely misses you.
The three-headed hydra simulacrum bites you!
The three-headed hydra simulacrum freezes you!
You resist.
You mangle the three-headed hydra simulacrum!!
The three-headed hydra simulacrum vaporises!
Trog accepts your kill.
You feel the effects of Trog's Hand fading.
You start resting.
Your skin stops crawling.
You feel less strong-willed.
You start resting.
Magic restored.
You start resting.
HP restored.
You open the door.
An anaconda simulacrum comes into view.
The anaconda simulacrum grabs you. The anaconda simulacrum bites you.
The anaconda simulacrum freezes you! You resist.
The anaconda simulacrum constricts you.
You mangle the anaconda simulacrum!!
You headbutt the anaconda simulacrum, but do no damage.
The anaconda simulacrum is severely damaged.
The anaconda simulacrum bites you! The anaconda simulacrum freezes you!
You resist. The anaconda simulacrum constricts you.
A red film seems to cover your vision as you go berserk!
You feel yourself moving faster!
You feel mighty! The anaconda simulacrum bites you!
* * * LOW HITPOINT WARNING * * *
The anaconda simulacrum freezes you! You resist.
* * * LOW HITPOINT WARNING * * *
The anaconda simulacrum constricts you.
* * * LOW HITPOINT WARNING * * *
The anaconda simulacrum bites you!
* * * LOW HITPOINT WARNING * * *
The anaconda simulacrum freezes you! You resist.
You die...

####...#.#.#.#.#.#
#.⌠#.###'#'#.#'#'#
#.('.#.'.........#
########.8.8.8.8.#
..#..............#
..'..............+
..#..............#
########.8.8.8.8.#
#..'.# +........@#
#.⌠#.###+#+#.#+#Z#
####...# #.# #.#
.# ###.#####'#####
## #.'.........+
#############


You could see an anaconda simulacrum.

Vanquished Creatures
  2 vault guards (Bailey)
  3 two-headed ogres
  Nergalle (Lair:1)
  Amaemon (D:11)
  A deep elf pyromancer (D:12)
  A cyclops (D:11)
  A manticore (D:11)
  Joseph (D:10)
  Maurice (D:8)
  2 ice statues (IceCv)
  A torpor snail (Lair:1)
  A cane toad (Lair:1)
  An orange demon (D:11)
  A komodo dragon (Lair:2)
  2 rime drakes
  3 anaconda simulacra (IceCv)
  9 ice devils
  Prince Ribbit (D:5)
  A troll (D:10)
  4 blink frogs
  4 dream sheep (Lair:1)
  A dire elephant simulacrum (IceCv)
  Sigmund (D:3)
  2 wraiths (D:11)
  10 yaks
  Eustachio (D:4)
  8 humans
  A steam dragon (D:7)
  2 wyverns (D:10)
  3 hogs (D:9)
  9 vampire mosquitoes
  Edmund (D:4)
  4 water moccasins
  2 acid dragons
  A hydra simulacrum (IceCv)
  2 black bears (D:5)
  An orc warrior (D:6)
  3 wolves (D:10)
  An ogre (D:4)
  6 centaurs
  2 phantoms
  Blork the orc (D:5)
  A kobold brigand (D:6)
  12 bullfrogs
  3 scorpions
  A gnoll sergeant (D:8)
  15 wights
  5 killer bees (D:7)
  An electric eel (D:9)
  6 howler monkeys
  A crimson imp (D:4)
  2 jellies
  8 orc priests
  4 sleepcaps
  2 hounds
  Ijyb (D:3)
  An iguana (D:5)
  Natasha (D:2)
  8 orc wizards
  A polar bear simulacrum (IceCv)
  A wolf simulacrum (IceCv)
  Robin (D:2)
  5 gnolls
  2 naga simulacra (IceCv)
  8 adders
  A white imp (D:5)
  2 ufetubi
  3 dart slugs
  28 orcs
  5 bats
  3 endoplasms
  A giant cockroach (D:4)
  27 goblins
  10 hobgoblins
  3 jackals
  3 quokkas (D:2)
  5 ball pythons
  2 frilled lizards
  2 goblin skeletons (D:4)
  A goblin zombie (D:4)
  2 hobgoblin zombies (D:4)
  14 kobolds
  A kobold skeleton (D:4)
  2 kobold zombies (D:4)
  An orc skeleton (D:4)
  3 orc zombies (D:4)
  10 rats
  A spectral orc (D:4)
  A bush (D:6)
325 creatures vanquished.

Vanquished Creatures (others)
  2 fungi (Lair:2)
  10 plants
12 creatures vanquished.

Grand Total: 337 creatures vanquished

Notes
Turn   | Place    | Note
-------+----------+-------------------------------------------
     0 | D:1      | Duck the Felid Berserker began the quest for the Orb.
     0 | D:1      | Reached XP level 1. HP: 10/10 MP: 2/2
   533 | D:1      | Reached XP level 2. HP: 14/14 MP: 3/3
   733 | D:2      | Noticed Natasha
   968 | D:2      | Reached XP level 3. HP: 17/17 MP: 4/4
  1090 | D:2      | Noticed Robin
  1097 | D:2      | Reached skill level 4 in Unarmed Combat
  1103 | D:2      | Killed Robin
  1171 | D:2      | Reached XP level 4. HP: 17/22 MP: 5/5
  1251 | D:2      | Killed Natasha
  1355 | D:2      | Reached ** piety under Trog
  1533 | D:2      | Reached skill level 5 in Unarmed Combat
  1821 | D:3      | Reached XP level 5. HP: 25/25 MP: 6/6
  1981 | D:3      | Noticed Sigmund
  1990 | D:3      | Killed Sigmund
  1991 | D:3      | Gained mutation: You are covered in thick fur. (AC +2)
                  | [Felid growth]
  1991 | D:3      | Reached XP level 6. HP: 29/29 MP: 7/7
  2079 | D:3      | Found a hide-covered altar of Uskayaw.
  2157 | D:3      | Reached skill level 6 in Unarmed Combat
  2162 | D:3      | Noticed Ijyb
  2175 | D:3      | Killed Ijyb
  2301 | D:3      | Found a faded altar of an unknown god.
  2592 | D:4      | Noticed Eustachio
  2596 | D:4      | Noticed Edmund
  2599 | D:4      | Killed Eustachio
  2600 | D:4      | Reached skill level 5 in Fighting
  2602 | D:4      | Killed Edmund
  2603 | D:4      | Reached skill level 7 in Unarmed Combat
  2603 | D:4      | Reached XP level 7. HP: 33/33 MP: 8/8
  2685 | D:4      | Found a white marble altar of Elyvilon.
  2719 | D:4      | Found a glowing golden altar of the Shining One.
  2938 | D:4      | Found a hazy altar of Hepliaklqana.
  2942 | D:4      | Reached *** piety under Trog
  3267 | D:4      | Found an opulent altar of Gozag.
  3380 | D:4      | Gained mutation: Your spells are a little harder to cast,
                  | but a little more powerful. [potion of mutation]
  3380 | D:4      | Gained mutation: You have a pair of small antennae on your
                  | head. [potion of mutation]
  3404 | D:5      | Entered Level 5 of the Dungeon
  3448 | D:5      | Reached skill level 8 in Unarmed Combat
  3502 | D:5      | Noticed Prince Ribbit
  3515 | D:5      | Killed Prince Ribbit
  3516 | D:5      | Reached XP level 8. HP: 38/38 MP: 9/9
  3799 | D:5      | Reached skill level 9 in Unarmed Combat
  4013 | D:5      | Noticed Blork the orc
  4020 | D:5      | Killed Blork the orc
  4198 | D:6      | Found a radiant altar of Vehumet.
  4259 | D:6      | Reached skill level 10 in Unarmed Combat
  4465 | D:6      | Reached XP level 9. HP: 43/43 MP: 8/10
  5391 | D:6      | Found a runed translucent door.
  5392 | D:6      | Noticed Crazy Yiuf
  5432 | D:7      | Noticed a two-headed ogre
  5439 | D:7      | Killed a two-headed ogre
  5440 | D:7      | Reached skill level 11 in Unarmed Combat
  5487 | D:7      | Found a staircase to the Ecumenical Temple.
  5791 | D:7      | Found a flagged portal.
  6004 | D:7      | Identified the ring of Fedhas's Envy {Wiz +Blink Dex+3}
  6019 | Bailey   | Entered a bailey
  6046 | Bailey   | Reached skill level 12 in Unarmed Combat
  6051 | Bailey   | Reached XP level 10. HP: 36/49 MP: 7/11
  6080 | Bailey   | Reached **** piety under Trog
  6339 | Bailey   | Noticed a vault guard
  6354 | Bailey   | Killed a vault guard
  6355 | Bailey   | Reached skill level 13 in Unarmed Combat
  6441 | Bailey   | Noticed a vault guard
  6453 | Bailey   | Killed a vault guard
  6818 | D:8      | Reached skill level 10 in Fighting
  6879 | D:8      | Noticed Maurice
  6950 | D:8      | Killed Maurice
  7052 | D:8      | Found a sparkling altar of Nemelex Xobeh.
  7203 | D:8      | Found Neshragu's Assorted Antiques.
  7211 | D:8      | Bought an ancient glass ring for 115 gold pieces
  7211 | D:8      | Identified the ring "Xenialaph" {Int+6 Dex+4 Slay+3} (You
                  | bought it in a shop on level 8 of the Dungeon)
  7211 | D:8      | Bought a thick pearl amulet for 115 gold pieces
  8340 | D:9      | Found a stormy altar of Qazlal.
  8370 | D:9      | Reached skill level 14 in Unarmed Combat
  8575 | D:9      | Found a shadowy altar of Dithmenos.
  8689 | D:9      | Reached XP level 11. HP: 36/55 MP: 6/12
  9240 | D:10     | Entered Level 10 of the Dungeon
  9355 | D:10     | Noticed Joseph
  9436 | D:10     | Killed Joseph
  9840 | D:10     | Found a staircase to the Lair.
 10225 | D:11     | Noticed a two-headed ogre
 10228 | D:11     | Killed a two-headed ogre
 10291 | D:11     | Found a staircase to the Orcish Mines.
 10376 | D:11     | Reached skill level 15 in Unarmed Combat
 10670 | D:11     | Found Zuwn's Armour Shoppe.
 10673 | D:11     | Noticed a two-headed ogre
 10683 | D:11     | Killed a two-headed ogre
 11116 | D:11     | Noticed Amaemon
 11490 | D:11     | Killed Amaemon
 11810 | D:12     | Noticed a deep elf pyromancer
 11826 | D:12     | Killed a deep elf pyromancer
 11837 | D:12     | Mangled by an acid dragon
 11838 | D:12     | Reached XP level 10. HP: -8/53 MP: 0/11
 11866 | D:12     | Found a white marble altar of Elyvilon.
 11902 | D:12     | Reached skill level 16 in Unarmed Combat
 11908 | D:12     | Annihilated by a komodo dragon
 11909 | D:12     | Reached XP level 9. HP: -22/49 MP: 0/10
 11951 | D:12     | Noticed an unseen horror
 12007 | Lair:1   | Entered Level 1 of the Lair of Beasts
 12007 | Lair:1   | Noticed Nergalle
 12016 | D:10     | Reached XP level 10. HP: 49/53 MP: 9/11
 12137 | Lair:1   | Killed Nergalle
 12229 | Lair:1   | Lost mutation: Your spells are a little harder to cast, but
                  | a little more powerful. [potion of mutation]
 12229 | Lair:1   | Lost mutation: You have a pair of small antennae on your
                  | head. [potion of mutation]
 12229 | Lair:1   | Gained mutation: Your mind is acute. (Int +4, Str/Dex -1)
                  | [potion of mutation]
 12229 | Lair:1   | Gained mutation: Your spells are a little harder to cast,
                  | but a little more powerful. [potion of mutation]
 12229 | Lair:1   | Gained mutation: You have a pair of small horns on your
                  | head. [potion of mutation]
 12274 | Lair:1   | Reached skill level 5 in Dodging
 12593 | Lair:1   | Noticed a cane toad
 12597 | Lair:1   | Killed a cane toad
 12821 | Lair:1   | Noticed a torpor snail
 12834 | Lair:1   | Killed a torpor snail
 13165 | Lair:1   | Reached XP level 11. HP: 57/57 MP: 12/12
 13454 | Lair:2   | Noticed a six-headed hydra
 13454 | Lair:2   | Noticed a skyshark
 13506 | Lair:2   | Noticed an eight-headed hydra
 13506 | Lair:2   | Noticed a seven-headed hydra
 13551 | Lair:2   | Found a frozen archway.
 13562 | Lair:2   | HP: 4/87 [ice devil (20)]
 13716 | IceCv    | Entered an ice cave
 14639 | IceCv    | Slain by an anaconda simulacrum

Illustrated notes

Levels and vault maps discovered:
D:1:      onia_arrival_pyramid, layout_loops_ring, dreamdust_princess_bridge,
          minmay_misc_feat_x, ebering_dispersal_statue_hall
D:2:      minmay_angry_zag, layout_loops_ring, minmay_fractal_squares_5,
          uniq_robin, uniq_natasha
D:3:      layout_basic, nicolae_uskayaw_murder_on_the_dancefloor,
          ebering_ecumenical_altar_box, uniq_sigmund, uniq_ijyb
D:4:      layout_loops_cross, nicolae_tso_besieged_by_evil, lemuel_tele_altar,
          mainiacjoe_overflow_chevrons, nicolae_hepliaklqana_monster_ancestors,
          uniq_edmund, uniq_eustachio
D:5:      layout_rooms, uniq_prince_ribbit1, uniq_blork_the_orc
D:6:      layout_basic, mainiacjoe_overflow_boulevard, grunt_decor_fettered,
          uniq_crazy_yiuf_cottage
D:7:      layout_basic, enter_bailey_5, moated_statue
D:8:      layout_gridville, nemelex_spade_bored_becter, serial_shops, shop,
          amcnicky_mini_pool_small, uniq_maurice
D:9:      nicolae_cairo_tiling_large, layout_irregular_city,
          nicolae_qazlal_scattered_showers, nicolae_overflow_hidden_temple,
          hangedman_decor_push, grunt_livestock, nrook_pool_corridor
D:10:     layout_basic, lair_entry_dummy, uniq_joseph
D:11:     layout_small_grid, orc_0_dummy, serial_shops, nicolae_shop_stone,
          minmay_stone_trees_large, uniq_amaemon
D:12:     gammafunk_the_bubble [the_bubble_gammafunk_grid],
          layout_irregular_city, elyvilon_altar_1, uniq_erolcha
Lair:1:   layout_cave_pods, uniq_nergalle
Lair:2:   layout_chaotic_city, minmay_shoals_entry_hut, dummy_spider_entry,
          nicolae_volcano_entry_vermiform, portal_ice_cave_demonic_guard,
          basic_altar, minmay_shattered_shrine, infiniplex_staircase_pool_2,
          uniq_gastronok
IceCv:    ice_cave_tombish

Skill      XL: |  1  2  3  4  5  6  7  8  9 10 11 |
---------------+----------------------------------+-----
Unarmed Combat | 4 5 7 8 10 12 16 15 | 16.0
Fighting       | 4 5 6 7 8 12 13 | 13.4
Dodging        | 7 9 |  9.7

Action                     |  1- 3 |  4- 6 |  7- 9 | 10-12 || total
---------------------------+-------+-------+-------+-------++-------
  Melee: Unarmed           |    80 |    77 |   249 |   462 ||   868
         Bite              |     3 |     7 |    27 |    51 ||    88
         Punch             |       |     2 |    17 |    34 ||    53
         Headbutt          |       |       |       |    36 ||    36
 Invoke: Berserk           |     6 |     6 |    10 |    36 ||    58
         Trog's Hand       |       |       |     3 |    17 ||    20
    Use: Scroll            |       |    14 |     7 |     8 ||    29
         Potion            |       |       |     2 |    15 ||    17
   Stab: Sleeping          |     3 |     1 |     2 |     1 ||     7
         Distracted        |       |       |     1 |       ||     1
 Armour: Skin              |     2 |     4 |    13 |    58 ||    77
  Dodge: Dodged            |    51 |    53 |   142 |   328 ||   574

Table legend: (Time is in decaauts)
 A = Elapsed time spent in this place.
 B = Non-inter-level travel time spent in this place.
 C = Inter-level travel time spent in this place.
 D = Time resting spent in this place.
 E = Time spent auto-exploring this place.
 F = Levels seen in this place.
 G = Mean time per level.
                   A        B        C        D        E       F      G
               +--------+--------+--------+--------+--------+-----+--------+
         Total |  13331 |  12946 |    385 |   4881 |   5365 |  16 |  833.2 |
       Dungeon |  10525 |  10144 |    381 |   3499 |   4744 |  12 |  877.1 |
          Lair |   1325 |   1321 |      4 |    456 |    593 |   2 |  662.5 |
        Bailey |    524 |    524 |      0 |    236 |     28 |   1 |  524.0 |
      Ice Cave |    955 |    955 |      0 |    688 |      0 |   1 |  955.0 |
               +--------+--------+--------+--------+--------+-----+--------+

Top non-repeatable levels by time:
    D:11: 1357 daAuts
    D:10: 1255 daAuts
     D:8: 1248 daAuts
     D:6: 1080 daAuts
  Lair:1: 966 daAuts
   IceCv: 955 daAuts
     D:9: 888 daAuts
     D:2: 856 daAuts
     D:7: 821 daAuts
     D:1: 744 daAuts
     D:3: 725 daAuts
     D:4: 706 daAuts
     D:5: 701 daAuts
  Bailey: 524 daAuts
  Lair:2: 358 daAuts
